 Dungeon Crawl Stone Soup version 0.30.1 (webtiles) character file.

Game seed: 11306459853219526916

15886 cdecastro the Fighter (level 12, 0/96 HPs)
             Began as a Djinni Fire Elementalist on July 3, 2023.
             Was a Follower of Ashenzari.
             Slain by an orange demon (3 damage)
             ... summoned by Frances
             ... on level 13 of the Dungeon.
             The game lasted 00:49:24 (15465 turns).

cdecastro the Fighter (Djinni Fire Elementalist)   Turns: 15465, Time: 00:49:24

Health: 0/96       AC:  7    Str:  7    XL:     12   Next: 63%
Gold:   224        EV: 12    Int: 20    God:    Ashenzari [*.....] SH:  0 Dex: 16

rFire   + + .        a - +0 dagger (venom)
rCold   x . .        (no shield)
rNeg    . . .        R - +0 troll leather armour
rPois   ∞            r - +1 helmet
rElec   .            (no cloak)
rCorr   +            o - +0 pair of gloves of Supernal Knowledge {Cun, Self} (curse)
SInv    .            (boots unavailable)
Will    +++..        (no amulet)
Stlth   ++++         T - +4 ring of slaying
HPRegen 1.16/turn    S - ring "Shackled With Me" {Will++ rCorr, Self, Evo} (curse)
MPRegen 0.00/turn

%: infuse magic (-1 HP)
@: flying
A: sickness immunity, fire resistance 2, cold vulnerability 1, float, innate
caster, HP casting, extra vitality 1
a: Renounce Religion, Curse Item, Shatter the Chains


You were on level 13 of the Dungeon.
You worshipped Ashenzari.
Ashenzari was aware of your devotion.
You visited 2 branches of the dungeon, and saw 14 of its levels.
You also visited: Ossuary.

You collected 716 gold pieces.
You spent 492 gold pieces at shops.

Inventory:

Hand Weapons
 a - a +0 dagger of venom (weapon)
 b - a +1 short sword of speed
 f - a +2 whip of freezing
 s - a +0 trident of protection
Missiles
 k - 21 poisoned darts
 E - 6 atropa-tipped darts
Armour
 m - the +0 leather armour of the Fife {rElec rPois Str+6}
   (You found it on level 3 of the Dungeon)

   Str:       It affects your strength (+6).
   rElec:     It insulates you from electricity.
   rPois:     It protects you from poison.
 o - the cursed +0 pair of gloves of Supernal Knowledge (worn) {Cun, Self}
   (You found it on level 3 of the Dungeon)

   It has a curse which improves the following skills: Cunning: Dodging and
   Stealth.
   Introspection: Fighting and Spellcasting.
 r - a +1 helmet (worn)
 C - a +2 robe of willpower
 R - a +0 troll leather armour (worn)
Jewellery
 I - a ring of willpower
 J - a +5 ring of evasion
 S - the cursed ring "Shackled With Me" (right hand) {Will++ rCorr, Self, Evo}
   (You bought it in a shop on level 6 of the Dungeon)

   [ring of resist corrosion]

   rCorr:     It protects you from acid and corrosion.
   Will:      It greatly increases your willpower.
   It has a curse which improves the following skills: Introspection: Fighting
   and Spellcasting.
   Evocations: Evocations.
 T - a +4 ring of slaying (left hand)
Wands
 e - a wand of digging (1)
 w - a wand of flame (18)
 H - a wand of light (19)
 K - a wand of polymorph (11)
 L - a wand of iceblast (17)
 Q - a wand of charming (3)
Scrolls
 c - 4 scrolls of enchant armour
 d - 6 scrolls of teleportation
 j - 6 scrolls of enchant weapon
 l - 8 scrolls of noise
 n - 4 scrolls of amnesia
 v - a scroll of summoning
 x - 6 scrolls of fear
 y - a scroll of brand weapon
 G - 2 scrolls of immolation
 M - a scroll of fog
 N - 2 scrolls of vulnerability
 O - 7 scrolls of identify
Potions
 g - 5 potions of heal wounds
 h - 3 potions of resistance
 i - 3 potions of might
 p - 7 potions of curing
 q - 4 potions of haste
 t - 2 potions of attraction
 u - 4 potions of flight
 z - 3 potions of lignification
 A - 2 potions of magic
 B - 2 potions of mutation
 D - 2 potions of berserk rage
 F - a potion of ambrosia
Miscellaneous
 P - a condenser vane


   Skills:
 + Level 11.6(12.8) Fighting
 - Level 2.1(2.8) Dodging
 - Level 7.2(8.0) Stealth
 - Level 10.2(11.4) Spellcasting
 * Level 5.9(6.6) Evocations


You knew the following spells:

 Your Spells              Type           Power      Damage    Failure   Level
a - Foxfire               Conj/Fire      100%       2x1d9     1%          1
b - Scorch                Fire           100%       2d9       1%          2
c - Volatile Blastmotes   Fire/Tloc      100%       2d18      1%          3
d - Inner Flame           Hex/Fire       54%        N/A       1%          3
e - Flame Wave            Conj/Fire      54%        2d13      1%          4
f - Kiss of Death         Conj/Necr      100%       2d13      1%          1
g - Ensorcelled Hibernat  Hex/Ice        100%       N/A       1%          2
h - Vampiric Draining     Necr           54%        2d9       1%          3
i - Spider Form           Tmut/Pois      54%        N/A       1%          3
j - Lee's Rapid Deconstr  Erth           27%        3d14*     2%          5
Your spell library was empty.

Dungeon Overview and Level Annotations

Branches:
Dungeon (13/15)            Temple (1/1) D:4            Lair (0/5) D:8
    Orc (0/2) D:12        Ossuary (visited)
 Vaults: D:13-14

Altars:
Ashenzari
Cheibriados
Dithmenos
Elyvilon
Fedhas
Gozag
Hepliaklqana
Makhleb
Nemelex Xobeh
Okawaru
Qazlal
Ru
Trog
Uskayaw
Wu Jian
Xom
Yredelemnul
Zin
The Shining One

Shops:
D:6 =   D:7 :[

Portals:
Trove: D:12 (give horn of Geryon)

Annotations:
D:7 2 transporters, xerfel's ghost, novice HOFi
D:10 1 transporter
D:11 3 runed translucent doors, Sabo's ghost, journeyman DsMo
D:13 Frances


Innate Abilities, Weirdness & Mutations

You are immune to sickness and miasma.
You are immune to poison.
Your flesh is very heat resistant. (rF++)
You are vulnerable to cold. (rC-)
You float through the air rather than walking.
You learn spells naturally, not from books.
Your magical power is your life essence.
You have superior vitality. (+4 MHP)


Message History

Frances hits you with a +0 hand axe.
* * * LOW HITPOINT WARNING * * *
Unknown command.
Unknown command.
Unknown command.
Unknown command.
Casting: Lee's Rapid Deconstruction (dangerous; 2% risk of failure)
Confirm with . or Enter, or press ? or * to list all spells.
Aiming: Vampiric Draining (safe; 1% risk of failure)
Press: ? - help, Shift-Dir - straight line, f - Frances
Aim: Frances, wielding a +0 hand axe and wearing a +0 ring mail (moderately wounded, fast)
You draw life force from Frances!
You feel life coursing into your body.
* * * LOW HITPOINT WARNING * * *
Frances hits you with a +0 hand axe!
* * * LOW HITPOINT WARNING * * *
Unknown command.
Unknown command.
Casting: Vampiric Draining (safe; 1% risk of failure)
Confirm with . or Enter, or press ? or * to list all spells.
Aiming: Vampiric Draining (safe; 1% risk of failure)
Press: ? - help, Shift-Dir - straight line, f/p - Frances
Aim: Frances, wielding a +0 hand axe and wearing a +0 ring mail (heavily wounded, fast)
You draw life force from Frances!
You feel life coursing into your body!
* * * LOW HITPOINT WARNING * * *
Frances barely misses you.
Frances chants phrases taken from a devil's mouth.
Unknown command.
Casting: Vampiric Draining (safe; 1% risk of failure)
Confirm with . or Enter, or press ? or * to list all spells.
Aiming: Vampiric Draining (safe; 1% risk of failure)
Press: ? - help, Shift-Dir - straight line, f/p - Frances
Aim: Frances, wielding a +0 hand axe and wearing a +0 ring mail (heavily wounded, fast)
You draw life force from Frances!
You feel life coursing into your body.
* * * LOW HITPOINT WARNING * * *
Frances hits you with a +0 hand axe!
* * * LOW HITPOINT WARNING * * *
The orange demon stings you!
* * * LOW HITPOINT WARNING * * *
The orange demon hits you.
You die...

#....#### #.# #.......#
#.# #....##.###.# #####
#..##.### ##......# (
####.#.# ....######...#
#########
#.y....##).####......<#
######.##..@@4........#
#.##.#####.......#
#....# #.......# ####.#
#......... ###
#.......### #.......#
#.......# #.).....#


You could see Frances (fast) and an orange demon (summoned).

Vanquished Creatures
  4 two-headed ogres
  A boulder beetle (D:11)
  Pikel (D:6)
  A deep elf zephyrmancer (D:9)
  A manticore (D:12)
  2 ugly things
  A cyclops (D:12)
  A komodo dragon (D:11)
  3 trolls
  Grinder (D:6)
  Prince Ribbit (D:8)
  2 shadows
  2 vampires (D:11)
  A yak (shapeshifter) (D:13)
  20 yaks
  2 wraiths
  2 vampire mosquitoes (D:11)
  Menkaure (D:4)
  Edmund (D:4)
  2 water moccasins
  2 orc warriors
  An ice beast (D:6)
  A sky beast (D:7)
  2 black bears
  3 ogres (D:5)
  12 centaurs
  3 lemures (D:7)
  A kobold brigand (D:7)
  A phantom (D:6)
  Blork the orc (D:4)
  2 gnoll sergeants
  15 scorpions
  2 bullfrogs
  4 wights
  3 howler monkeys
  An electric eel (D:8)
  A centaur zombie (Ossuary)
  3 hounds
  3 jellies
  9 orc priests
  3 iguanas
  10 orc wizards
  2 scorpion zombies (Ossuary)
  4 mummies
  5 adders
  8 gnolls
  6 white imps
  2 ufetubi
  3 worms
  2 dart slugs
  27 orcs
  5 bats
  4 endoplasms
  5 giant cockroaches
  3 goblins
  7 hobgoblins
  4 jackals (D:5)
  A quokka (D:3)
  7 ball pythons
  2 frilled lizards (D:1)
  2 goblin zombies
  3 hobgoblin zombies (Ossuary)
  9 kobolds
  3 kobold zombies (Ossuary)
  3 orc zombies
  5 rats
255 creatures vanquished.

Vanquished Creatures (others)
  A quokka (D:8)
  58 foxfires
59 creatures vanquished.

Grand Total: 314 creatures vanquished

Notes
Turn   | Place    | Note
-------+----------+-------------------------------------------
     0 | D:1      | cdecastro the Djinni Fire Elementalist began the quest for
                  | the Orb.
     0 | D:1      | cdecastro set off with the following spells memorised:
                  | Foxfire, Scorch, Volatile Blastmotes, Inner Flame, Flame
                  | Wave.
     0 | D:1      | Reached XP level 1. HP: 15/15 MP: 0/0
   176 | D:1      | Reached XP level 2. HP: 20/22 MP: 0/0
   321 | D:1      | Reached skill level 1 in Fighting
   893 | D:2      | Reached XP level 3. HP: 21/27 MP: 0/0
   893 | D:2      | Learned a level 1 spell: Kiss of Death
  1267 | D:2      | Reached XP level 4. HP: 30/32 MP: 0/0
  1684 | D:3      | Found a bloodstained altar of Trog.
  1733 | D:3      | Identified the +0 leather armour of the Fife {rElec rPois
                  | Str+6}
  2075 | D:3      | Reached skill level 2 in Fighting
  2293 | D:4      | Found a staircase to the Ecumenical Temple.
  2310 | D:4      | Reached XP level 5. HP: 32/38 MP: 0/0
  2310 | D:4      | Learned a level 2 spell: Ensorcelled Hibernation
  2315 | Temple   | Entered the Ecumenical Temple
  2454 | D:4      | Noticed Edmund
  3011 | D:4      | Reached skill level 3 in Fighting
  3011 | D:4      | Reached XP level 6. HP: 34/46 MP: 0/0
  3145 | D:4      | Noticed Menkaure
  3162 | D:4      | Killed Menkaure
  3163 | D:4      | Reached XP level 7. HP: 45/50 MP: 0/0
  3163 | D:4      | Learned a level 3 spell: Vampiric Draining
  3266 | D:4      | Reached skill level 5 in Spellcasting
  3310 | D:4      | Noticed Blork the orc
  3320 | D:4      | Killed Blork the orc
  3425 | D:4      | You are sucked into a shaft and drop 3 floors!
  3445 | D:7      | Reached skill level 4 in Fighting
  3520 | D:7      | Found an ornate altar of the Wu Jian Council.
  3578 | D:7      | Reached XP level 8. HP: 37/58 MP: 0/0
  3785 | D:7      | Found Unahun's Tiny Tomes.
  3826 | D:7      | Found a transporter.
  3861 | D:7      | Reached skill level 5 in Fighting
  3953 | D:7      | Noticed xerfel's ghost (novice HOFi)
  3983 | D:7      | Found a sand-covered staircase.
  3991 | Ossuary  | Entered an ossuary
  4625 | Ossuary  | Reached XP level 9. HP: 50/66 MP: 0/0
  4625 | Ossuary  | Learned a level 3 spell: Spider Form
  4838 | Ossuary  | Reached skill level 6 in Fighting
  5329 | D:6      | Noticed Pikel
  5341 | D:6      | Killed Pikel
  5705 | D:5      | Entered Level 5 of the Dungeon
  5928 | D:4      | Killed Edmund
  5929 | D:4      | Reached skill level 7 in Fighting
  6366 | D:5      | Reached XP level 10. HP: 72/75 MP: 0/0
  6923 | D:5      | Found a broken altar of Ashenzari.
  7003 | D:5      | Became a worshipper of Ashenzari the Shackled
  7557 | D:6      | Noticed Grinder
  7561 | D:6      | Killed Grinder
  7605 | D:6      | Reached skill level 8 in Fighting
  7812 | D:6      | Found Korchahoq's Jewellery Boutique.
  8211 | D:7      | Found a transporter.
  8212 | D:7      | Identified the +7 great mace of Intuition {elec, rElec
                  | Str+3}
  8212 | D:7      | Noticed a two-headed ogre
  8281 | D:7      | Found Weoclapn's Armour Emporium.
  8449 | D:8      | Noticed a two-headed ogre
  8490 | D:8      | Noticed Prince Ribbit
  8493 | D:8      | Killed Prince Ribbit
  8538 | D:8      | Found a white marble altar of Elyvilon.
  8806 | D:8      | Found a staircase to the Lair.
  8917 | D:8      | Reached skill level 10 in Spellcasting
  9248 | D:8      | Killed a two-headed ogre
  9249 | D:8      | Reached skill level 9 in Fighting
  9249 | D:8      | Reached XP level 11. HP: 29/84 MP: 0/0
  9249 | D:8      | Learned a level 5 spell: Lee's Rapid Deconstruction
  9428 | D:8      | Found an opulent altar of Gozag.
  9429 | D:8      | Found a shimmering altar of Xom.
 10536 | D:9      | Noticed a two-headed ogre
 10547 | D:9      | Killed a two-headed ogre
 10548 | D:9      | Reached skill level 10 in Fighting
 10738 | D:9      | Noticed a deep elf zephyrmancer
 10743 | D:9      | Killed a deep elf zephyrmancer
 10975 | D:9      | Found a hide-covered altar of Uskayaw.
 10987 | D:9      | Reached skill level 5 in Stealth
 11338 | D:10     | Entered Level 10 of the Dungeon
 11498 | D:6      | Bought the ring "Quluez" {Will++ rCorr} for 492 gold pieces
 11499 | D:6      | Reached * piety under Ashenzari
 12025 | D:10     | Found a sparkling altar of Nemelex Xobeh.
 12025 | D:10     | Found a transporter.
 12025 | D:10     | Noticed a cyclops
 12026 | D:10     | Identified the +6 hand axe of Cataclysm {heavy, rElec}
 12297 | D:11     | Found a runed translucent gate.
 12298 | D:11     | Found a runed translucent gate.
 12299 | D:11     | Noticed a cyclops
 12301 | D:11     | Found a runed translucent gate.
 12310 | D:11     | Noticed a manticore
 12310 | D:11     | Noticed Sabo's ghost (journeyman DsMo)
 12311 | D:11     | Noticed a cyclops
 12520 | D:11     | Noticed a two-headed ogre
 12537 | D:11     | Killed a two-headed ogre
 12706 | D:11     | Reached XP level 12. HP: 46/95 MP: 0/0
 13396 | D:11     | Reached skill level 11 in Fighting
 13396 | D:11     | Reached skill level 1 in Evocations
 13600 | D:11     | Noticed a two-headed ogre
 13613 | D:11     | Killed a two-headed ogre
 13964 | D:12     | Noticed a boulder beetle
 14208 | D:11     | Killed a boulder beetle
 14258 | D:11     | Identified the cursed +0 pair of gloves of Supernal
                  | Knowledge {Cun, Self} (You found it on level 3 of the
                  | Dungeon)
 14365 | D:12     | Found a portal to a secret trove of treasure.
 14526 | D:12     | Reached skill level 5 in Evocations
 14864 | D:12     | Found a staircase to the Orcish Mines.
 15452 | D:13     | Noticed Frances
 15465 | D:13     | HP: 3/96 [orange demon[Frances] (7)]
 15465 | D:13     | Slain by an orange demon

Illustrated notes

Levels and vault maps discovered:
D:1:      dpeg_arrival_concentric_ovals, layout_basic
D:2:      layout_basic, eino_tiny_chamber, minmay_worlds_worst_comb
D:3:      layout_rooms, mainiacjoe_overflow_tiny_flanked
D:4:      layout_basic, minmay_temple_entry_statues, uniq_edmund, uniq_menkaure,
          uniq_blork_the_orc
D:5:      minmay_recursive_quarters, layout_loops_corners,
          nicolae_ashenzari_panopticon
D:6:      layout_rooms, serial_shops, shop, minmay_a_box_with_orc_wizards_in_it,
          uniq_grinder, uniq_pikel
D:7:      layout_loops_ring, nicolae_wu_jian_wuxing_cycle, serial_shops,
          nicolae_lakefront_shop, gammafunk_ghost_smash,
          nicolae_ossuary_entry_giza, nicolae_shop_i_like_small_books_too
D:8:      layout_rooms, elyvilon_altar_4, nicolae_overflow_squiral,
          lair_entry_dummy, uniq_prince_ribbit1, uniq_grum
D:9:      layout_cave_pods, nicolae_uskayaw_murder_on_the_dancefloor,
          guppyfry_early_elven_hall
D:10:     layout_roguey, grunt_nemelex_the_gamble, dk_rats_in_the_wall
D:11:     layout_roguey, gammafunk_ghost_split
D:12:     layout_rooms, orc_0_dummy, enter_trove_2
D:13:     layout_rooms, david_vaults_4, uniq_frances
Temple:   nicolae_temple_superstar

Skill      XL: |  1  2  3  4  5  6  7  8  9 10 11 12 |
---------------+-------------------------------------+-----
Fighting       | 1 2 3 4 5 7 9 10 11 | 11.6
Spellcasting   | 3 4 5 7 8 10 | 10.2
Stealth        | 6 7 |  7.2
Evocations     | 5 |  5.9
Dodging        | |  2.1

Action                     |  1- 3 |  4- 6 |  7- 9 | 10-12 || total
---------------------------+-------+-------+-------+-------++-------
  Melee: Short sword       |    23 |       |    91 |     4 ||   118
         Dagger            |       |       |   123 |   214 ||   337
         Unarmed           |       |       |    15 |     6 ||    21
         Punch             |       |       |     3 |     6 ||     9
  Throw: Dart              |       |       |       |     1 ||     1
   Cast: Foxfire           |    30 |       |     1 |     3 ||    34
         Scorch            |    11 |    54 |    43 |   126 ||   234
         Volatile Blastmot |       |     1 |       |       ||     1
         Inner Flame       |       |       |     3 |    15 ||    18
         Flame Wave        |       |       |     9 |     4 ||    13
         Vampiric Draining |       |       |     7 |    26 ||    33
         Ensorcelled Hiber |       |       |     3 |     2 ||     5
         Spider Form       |       |       |     2 |     3 ||     5
         Lee's Rapid Decon |       |       |       |     9 ||     9
 Invoke: Curse Item        |       |       |       |     2 ||     2
    Use: Scroll            |       |       |     8 |     4 ||    12
         Potion            |       |       |       |     1 ||     1
   Stab: Sleeping          |       |       |     4 |    13 ||    17
 Armour: Robe              |     4 |       |    41 |   116 ||   161
         Leather armour    |       |     2 |    63 |       ||    65
         Skin              |       |       |     1 |     1 ||     2
         Troll leather arm |       |       |       |     2 ||     2
  Dodge: Dodged            |    13 |    12 |   199 |   249 ||   473
